 Dungeon Crawl Stone Soup version 0.19-a0-1608-g4cf22de (webtiles) character file.

856 Amnesiac the Twirler (level 7, -3/56 HPs)
             Began as a Mummy Gladiator on Sept 18, 2016.
             Slain by an ogre
             ... wielding a +0 giant club
              (20 damage)
             ... on level 5 of the Dungeon.
             The game lasted 00:03:43 (2593 turns).

Amnesiac the Twirler (Mummy Gladiator)              Turns: 2593, Time: 00:03:44

Health: -3/56      AC: 10    Str: 18    XL:     7   Next: 70%
Magic:  7/7        EV:  8    Int:  7    God:
Gold:   87         SH:  0    Dex: 15    Spells: 0 memorised, 6 levels left

rFire  x . .     SeeInvis .     a - +0 quarterstaff
rCold  + . .     Gourm    .     k - +0 chain mail
rNeg   + + +     Faith    .     (shield currently unavailable)
rPois  ∞         Spirit   .     c - +0 helmet
rElec  .         Dismiss  .     (no cloak)
rCorr  .         Reflect  .     l - +0 pair of gloves
MR     .....     Harm     .     (no boots)
Stlth  ..........               (no amulet)
                                (no ring)
                                (no ring)

@: no status effects
A: no food or potions, fire vulnerability, cold resistance 1, negative energy
resistance 3, torment resistance, unbreathing
a: no special abilities


You were on level 5 of the Dungeon.
You were not hungry.

You visited 1 branch of the dungeon, and saw 6 of its levels.

You collected 87 gold pieces.

Inventory:

Hand Weapons
 a - a +0 quarterstaff (weapon)
Missiles
 d - 3 throwing nets (quivered)
Armour
 c - a +0 helmet (worn)
 k - a +0 chain mail (worn)
 l - a +0 pair of gloves (worn)
 o - the +0 ring mail of Charity {Int+5}
   (You found it on level 5 of the Dungeon)

   It affects your intelligence (+5).
Wands
 n - a wand of disintegration (24/24)
Scrolls
 b - 3 scrolls of teleportation
 e - a scroll of immolation
 g - a scroll of magic mapping
 j - a scroll of amnesia
 m - a scroll of enchant weapon


   Skills:
 + Level 5.4 Fighting
 * Level 6.4 Staves
 - Level 1.5 Throwing
 - Level 2.4 Dodging


You had 6 spell levels left.
You didn't know any spells.

Dungeon Overview and Level Annotations

Branches:
Dungeon (6/15)
 Temple: D:4-7

Altars:
Fedhas

Shops:
D:5 =


Innate Abilities, Weirdness & Mutations

You do not eat or drink.
Your flesh is vulnerable to fire.
You are immune to poison.
Your flesh is cold resistant. (rC+)
You are immune to negative energy. (rN+++)
You are immune to unholy pain and torment.
You can survive without breathing.


Message History

The ogre is severely wounded.
The ogre closely misses you.
You hit the ogre but do no damage.
The ogre is severely wounded.
The ogre barely misses you.
You hit the ogre but do no damage.
The ogre is severely wounded.
You hit the ogre.
The ogre is severely wounded.
The ogre hits you with a giant club!
* * * LOW HITPOINT WARNING * * *
Your chain mail prevents you from hitting the ogre.
The ogre is severely wounded.
The ogre barely misses you.
You hit the ogre.
The ogre is almost dead.
You hit the ogre.
The ogre is almost dead.
The ogre hits you with a giant club!!
You die...

..### ##.# #....###..#)# ##...
#.# #.# ####..###...## #### #.##
#.# ####..#..#..# #..# #.#
###.........#.# ##.#
###.###...#######.#.#
#.####.......### #.#.#
##.#........### ##...##
[....##.....##########.....#
....###.........@O.....###.#
.....##.....############ #.#
...........## #.# ..##.#######
#.#####
..##.#####################.....#
..##......<....................#
##########################.....#
#######


You could see an ogre.

Vanquished Creatures
  A sky beast (D:5)
  2 phantoms
  3 ogres
  A centaur (D:5)
  A scorpion (D:4)
  A centaur skeleton (D:5)
  An orc priest (D:5)
  2 worker ants (D:4)
  A killer bee zombie (D:5)
  A hound skeleton (D:4)
  A worker ant zombie (D:5)
  An adder (D:4)
  3 gnolls (D:4)
  A shadow imp (D:5)
  An adder skeleton (D:4)
  A dart slug (D:4)
  A leopard gecko (D:2)
  3 orcs (D:5)
  2 ball pythons
  A giant cockroach (D:3)
  A goblin (D:3)
  A hobgoblin (D:3)
  A quokka (D:3)
  A bat (D:3)
  A frilled lizard (D:5)
  A rat (D:1)
35 creatures vanquished.

Notes
Turn   | Place    | Note
-------+----------+-------------------------------------------
     0 | D:1      | Amnesiac the Mummy Gladiator began the quest for the Orb.
     0 | D:1      | Reached XP level 1. HP: 16/16 MP: 1/1
   259 | D:3      | Reached XP level 2. HP: 22/22 MP: 2/2
   362 | D:4      | Reached skill level 3 in Staves
   442 | D:4      | Reached XP level 3. HP: 20/28 MP: 3/3
   665 | D:4      | Got a spiked shield
   837 | D:4      | Reached XP level 4. HP: 22/34 MP: 4/4
   951 | D:4      | Reached skill level 4 in Staves
  1155 | D:4      | Noticed an ogre
  1164 | D:4      | Killed an ogre
  1164 | D:4      | Reached XP level 5. HP: 9/42 MP: 5/5
  1496 | D:4      | Noticed a phantom
  1535 | D:4      | Killed a phantom
  1535 | D:4      | Reached XP level 6. HP: 35/48 MP: 6/6
  1650 | D:4      | Reached skill level 5 in Staves
  1722 | D:5      | Entered Level 5 of the Dungeon
  1757 | D:5      | Got a shimmering ring mail
  1768 | D:5      | Identified the cursed +0 ring mail of Charity {Int+5} (You found it on level 5 of the Dungeon)
  1785 | D:5      | Noticed a sky beast
  1811 | D:5      | Killed a sky beast
  1872 | D:5      | Reached XP level 7. HP: 34/55 MP: 7/7
  2044 | D:5      | Reached skill level 5 in Fighting
  2048 | D:5      | Found a blossoming altar of Fedhas.
  2056 | D:5      | Reached skill level 6 in Staves
  2114 | D:5      | Found Inolibil's Jewellery Boutique.
  2593 | D:5      | Slain by an ogre

Vault maps used:
D:1:      nagdon_arrival_double_spiral
D:2:      first_bread
D:3:      grunt_temple_overflow_gold_and_silver, nicolae_ru_sacrificial_ziggurat
D:5:      lemuel_round_altar, serial_shops, shop
D:6:      overflow_temple_1_default

Skill      XL: |  1  2  3  4  5  6  7 |
---------------+----------------------+-----
Staves         | 3 4 5 6 |  6.4
Fighting       | 3 4 5 |  5.4
Throwing       | |  1.5
Dodging        | |  2.4

Action                   |  1- 3 |  4- 6 |  7- 9 || total
-------------------------+-------+-------+-------++-------
Melee: Quarterstaff      |    49 |   103 |    47 ||   199
Throw: Throwing net      |       |     1 |       ||     1
  Use: Scroll            |       |     6 |     6 ||    12
Armor: Leather armour    |     6 |       |       ||     6
       Ring mail         |     6 |       |       ||     6
       Chain mail        |    12 |    45 |    11 ||    68
Dodge: Dodged            |    18 |    39 |    13 ||    70
